 Dungeon Crawl Stone Soup version 0.30-a0-691-g754fce4c43 (webtiles) character file.

Game seed: 2288199606684981631

66 tilp the Shield-Bearer (level 4, 0/40 HPs)
             Began as a Meteoran Fighter on Jan 19, 2023.
             Killed from afar by a white imp (6 damage)
             ... with a puff of frost
             ... summoned by Natasha
             ... on level 2 of the Dungeon.
             The game lasted 00:01:49 (372 turns).

tilp the Shield-Bearer (Meteoran Fighter)            Turns: 372, Time: 00:01:50

Health: 0/40       AC:  9    Str: 17    XL:     4   Next: 63%
Magic:  5/5        EV: 10    Int:  9    God:
Gold:   87         SH:  5    Dex: 16    Spells: 3/3 levels left

rFire   . . .      SeeInvis .    a - +0 long sword
rCold   . . .      Faith    .    c - +0 buckler
rNeg    . . .      Spirit   .    b - +0 scale mail
rPois   .          Reflect  .    (no helmet)
rElec   .          Harm     .    (no cloak)
rCorr   .          Rampage  .    j - +0 pair of gloves
Will    .....                    g - +0 pair of boots Stlth
                                 (no amulet)
HPRegen 0.26/turn                (no ring)
MPRegen 0.09/turn                (no ring)

@: slowed, glowing, very slow
A: sense surroundings 1, otherworldly, glowing, explore regen
a: no special abilities


You were on level 2 of the Dungeon.
You visited 1 branch of the dungeon, and saw 2 of its levels.

You collected 87 gold pieces.

Inventory:

Hand Weapons
 a - a +0 long sword (weapon)
Missiles
 h - 9 stones (quivered)
Armour
 b - a +0 scale mail (worn)
 c - a +0 buckler (worn)
 g - a +0 pair of boots (worn)
 j - a +0 pair of gloves (worn)
Scrolls
 e - 3 scrolls of identify {unknown}
Potions
 d - 2 potions of might
 f - a potion of lignification {unknown}
 i - a potion of curing {unknown}


   Skills:
 + Level 3.7 Fighting
 + Level 2.9 Long Blades
 + Level 3.9 Armour
 * Level 2.3 Dodging
 + Level 0.8 Stealth
 - Level 4.0 Shields


You had 3 spell levels left.
You didn't know any spells.
Your spell library was empty.

Dungeon Overview and Level Annotations

Branches:
Dungeon (2/15) Zot: 800

Altars:

Annotations:
D:2 Natasha


Innate Abilities, Weirdness & Mutations

You passively map a small area around you.
You are easily found by Zot.
You glow in the dark.
You regain HP and MP as you explore.


Message History

The white imp gestures at you.
The puff of frost hits you but does no damage.
The hobgoblin hits you but does no damage.
The shadow imp hits you but does no damage.
You block Natasha's attack.
You barely miss Natasha.
Natasha is heavily wounded.
The white imp hits you but does no damage.
You block the hobgoblin's attack. The shadow imp closely misses you.
Natasha stares at you and mumbles some strange words.
You resist with some effort.
You barely miss Natasha.
Natasha is heavily wounded.
The white imp summons a swarm of flies.
The white imp hits you but does no damage.
The hobgoblin completely misses you. The shadow imp completely misses you.
Natasha claws you but does no damage.
The hobgoblin hits you but does no damage.
The white imp closely misses you. The shadow imp gestures at you.
Pain shoots through your body!
You hit Natasha.
Natasha is severely wounded.
Natasha stares at you and mumbles some strange words.
You feel yourself slow down.
The white imp hits you but does no damage.
The hobgoblin closely misses you. The shadow imp closely misses you.
Natasha mewls in sadness.
Natasha claws you.
* * * LOW HITPOINT WARNING * * *
You barely miss Natasha.
Natasha is severely wounded.
You block the white imp's attack. The hobgoblin hits you.
* * * LOW HITPOINT WARNING * * *
The shadow imp hits you.
* * * LOW HITPOINT WARNING * * *
Natasha closely misses you. The white imp gestures at you.
The puff of frost hits you.
You die...

###### ## #......# , *
,.##.......,,...#.# #
.#......# .....## #. *
.......## .......
#.####.... ..##.......
#.......#**#.##....... *
#.5hg.####.##....... *
*#.@................
#.5..######........ ***
.............#........ *
**####....#.##..........
#####
#...>..####........
#...# #....#..*
#.#...... #...###
#....##.. #.#......
#.<...###
#....##..##.#......
#.......# *
#..##........


You could see Natasha, a white imp (summoned), a shadow imp (summoned) and a
hobgoblin.

Vanquished Creatures
  Jessica (D:2)
  An adder (D:2)
  A worm (D:2)
  A dart slug (D:2)
  A ball python (D:1)
  5 bats
  2 endoplasms (D:2)
  2 giant cockroaches
  A goblin (D:2)
  A hobgoblin (D:1)
  3 quokkas
  A frilled lizard (D:2)
  3 kobolds
  2 rats (D:2)
25 creatures vanquished.

Notes
Turn   | Place    | Note
-------+----------+-------------------------------------------
     0 | D:1      | tilp the Meteoran Fighter began the quest for the Orb.
     0 | D:1      | Reached XP level 1. HP: 19/19 MP: 2/2
   105 | D:1      | Reached XP level 2. HP: 25/26 MP: 3/3
   135 | D:1      | Reached skill level 1 in Dodging
   234 | D:2      | Reached XP level 3. HP: 29/31 MP: 4/4
   269 | D:2      | Noticed Jessica
   274 | D:2      | Killed Jessica
   275 | D:2      | Reached skill level 4 in Shields
   275 | D:2      | Reached XP level 4. HP: 32/40 MP: 5/5
   357 | D:2      | Noticed Natasha
   372 | D:2      | Killed from afar by a white imp

Illustrated notes

Levels and vault maps discovered:
D:1:      minmay_arrival_open_corners, layout_loops_ring
D:2:      layout_rooms, uniq_jessica, uniq_natasha

Skill      XL: |  1  2  3 |
---------------+----------+-----
Dodging        | 1 2 |  2.3
Shields        | 4 |  4.0
Fighting       | |  3.7
Long Blades    | |  2.9
Armour         | |  3.9
Stealth        | |  0.8

Action                   |  1- 3 |  4- 6 || total
-------------------------+-------+-------++-------
Melee: Long sword        |    54 |    22 ||    76
Throw: Stone             |     9 |       ||     9
Armor: Scale mail        |    41 |    20 ||    61
Dodge: Dodged            |    24 |    19 ||    43
Block: Buckler           |    23 |     7 ||    30

Table legend: (Time is in decaauts)
 A = Elapsed time spent in this place.
 B = Non-inter-level travel time spent in this place.
 C = Inter-level travel time spent in this place.
 D = Time resting spent in this place.
 E = Time spent auto-exploring this place.
 F = Levels seen in this place.
 G = Mean time per level.
                   A        B        C        D        E       F      G
               +--------+--------+--------+--------+--------+-----+--------+
         Total |    397 |    375 |     22 |      0 |      0 |   2 |  198.5 |
       Dungeon |    397 |    375 |     22 |      0 |      0 |   2 |  198.5 |
               +--------+--------+--------+--------+--------+-----+--------+

Top non-repeatable levels by time:
     D:1: 213 daAuts
     D:2: 184 daAuts
